[Event "FRA-chT Top 12"]
[Site "Drancy"]
[Date "2016.05.28"]
[Round "1.1"]
[White "Maze, Sebastien"]
[Black "Pelletier, Yannick"]
[Result "1-0"]
[ECO "A07"]
[WhiteElo "2614"]
[BlackElo "2558"]
[Annotator "RR"]
[PlyCount "147"]
[EventDate "2016.05.28"]
[EventType "team-tourn"]
[EventRounds "11"]
[EventCountry "FRA"]
[SourceTitle "CBM 172 Extra"]
[Source "ChessBase"]
[SourceDate "2016.06.21"]
[SourceVersion "1"]
[SourceVersionDate "2016.06.21"]
[SourceQuality "1"]
[WhiteTeam "Bois Colombes"]
[BlackTeam "Bischwiller"]
[WhiteTeamCountry "FRA"]
[BlackTeamCountry "FRA"]
[TimeControl "40/5400+30:1800+30"]

1. Nf3 {[%emt 0:00:00][%mdl 512] La partie a obtenu le prix carrefour de la première ronde} Nf6 2. g3 d5 3. Bg2 c6 4. O-O Bg4 5. d3 Nbd7 6. h3 Bh5 7. Qe1 e5 8. e4 dxe4 9. dxe4 Be7 10. Nbd2 O-O 11. Nc4 Qc7 12. Nh4 Rfe8 13. a4 Bf8 (13... Nc5 14. Nf5 Bf8 15. f4 Nfd7 16. g4 Bg6 17. Nxg7 Bxg7 18. f5 Ne6 19. Be3 Nf4 20. Qf2 b5 21. Nd2 a6 22. Rad1 Rad8 23. axb5 axb5 24. Nf3 c5 25. fxg6 hxg6 26. Kh1 c4 27. Nxe5 Bxe5 28. Bxf4 Bxf4 29. Qxf4 Ne5 30. Rd5 b4 31. Rfd1 Ra8 32. Qf6 b3 33. cxb3 cxb3 34. Bf1 Qc2 35. R1d2 Qxe4+ 36. Bg2 Qe1+ 37. Kh2 Rac8 38. R5d4 Rc2 39. Qf4 Rec8 40. Be4 Rxd2+ 41. Rxd2 Rc4 42. Rd8+ Kh7 43. Qf6 {Fressinet,L (2700)-Movsesian,S (2653) Huaian 2016 ½-½}) ({RR} 13... a5 14. Bd2 b6 15. Kh1 Nc5 16. g4 Nfd7 17. f4 b5 18. axb5 cxb5 19. Ne3 Qd8 20. Nhf5 exf4 21. Nd5 Bg6 22. Bxa5 Rxa5 23. Ndxe7+ Rxe7 24. Qxa5 Re8 25. Qxd8 Rxd8 26. Rad1 f6 27. Rxf4 Rb8 28. Rf2 {Giri,A (2798)-Motylev,A (2649) Baku 2015 1-0 (34)}) ({RR} 13... Nc5 14. Nf5 Bf8 15. b4 Ne6 16. Bb2 Nd7 17. f4 exf4 18. gxf4 Bg6 19. Qg3 f6 20. Rad1 Bxb4 21. Ncd6 Bxd6 22. Nxd6 Qb6+ 23. Kh1 Qxb2 24. f5 Qe5 25. Qh4 Re7 26. fxg6 hxg6 27. Nxb7 Ndc5 28. Nd6 {Le,Q (2739)-Piesik,P (2421) chess.com INT 2024 0-1 (40)}) 14. Bg5 ({RR} 14. Bd2 Nc5 15. Ba5 b6 16. Bc3 Nfd7 17. f4 f6 18. fxe5 fxe5 19. Ne3 Ne6 20. Nef5 Rad8 21. Kh1 Nf6 22. Nh6+ gxh6 23. Rxf6 Nd4 24. Rf2 Bg6 25. Qe3 Qg7 26. Raf1 Be7 27. Nxg6 Qxg6 28. Be1 Rf8 {Nakamura,H (2793)-Pelletier,Y (2541) Zuerich 2017 1-0 (48)}) 14... h6 15. Bd2 Nc5 16. b4 $146 (16. b3 {½-½ Haub,T (2450)-Jackelen,T (2435) BL2-West 0809 2008 (7.5)}) ({RR} 16. b3) 16... Ne6 17. c3 Rad8 18. a5 {[%emt 0:23:25] Les Blancs ont un petit avantage d'espace mais la position Noire est solide} (18. Nf5) 18... b5 $6 {[%emt 0:10:38] Créant des faiblesses à l'aile-dame} 19. axb6 $1 (19. Ne3 $143 ) 19... axb6 20. Be3 $1 c5 21. b5 $1 $14 Nd4 $1 {[%emt 0:03:22] La pointe} 22. g4 (22. cxd4 cxd4 ) 22... Nc2 23. Qe2 Nxa1 24. Rxa1 Bg6 25. Nxg6 (25. Nf5 $5) 25... fxg6 26. Ra6 $16 Rb8 27. Qa2 Kh7 28. f3 Rb7 29. Bf1 $1 {[%emt 0:01:03][%cal Ge3f2,Gc4e3,Gf1c4,Ge3d5] Activant la seule pièce Blanche qui restait hors-jeu} Nd7 30. Bf2 Be7 31. Ne3 Bg5 32. Nd5 (32. Bc4 Bxe3 33. Bxe3 g5 ) 32... Qd6 33. Bc4 Rf8 34. Kg2 Nb8 35. Ra3 Rbf7 36. Be2 Nd7 37. Ra7 Bd8 38. Ne3 Bg5 39. Nd5 {[%emt 0:00:47] Une répétition de coups pour passer le contrôle de temps} Bd8 40. Bg3 Qe6 41. Ne3 $1 {[%emt 0:31:30][%csl Rf7,Rf8] Après une longue réflexion, les Blancs choisissent d'échanger les  malgré la qualite de moins car les  Noires sont assez mal placées} Qxa2 42. Rxa2 Bg5 43. Nd5 Bf4 44. Bh4 g5 45. Bf2 Bc1 46. Be1 Rd8 47. Ra7 Rf6 $5 (47... Rff8 $13) 48. Nxf6+ Nxf6 49. Rb7 Bd2 50. Kf1 {[%emt 0:00:00] Le coup naturel joué à tempo mais les Noirs ont une forte réponse} Nxe4 $1 51. fxe4 Rf8+ 52. Bf2 Be3 53. Rxb6 Bxf2 54. Bc4 Bd4+ 55. Ke2 Bxc3 56. Be6 $1 c4 57. Bf5+ Kg8 58. Rc6 Bd4 59. Be6+ Kh7 60. Bxc4 {[%emt 0:00:07][%csl Gb5] Les Blancs ont gagné un  passé très fort mais il y a toujours le risque d'écahnger les  pour transposer en finale de  de couleurs opposées} Rf2+ 61. Kd3 Rh2 (61... Rf1 62. Be6 Rb1 63. Kc4 Rc1+ {La  a une meilleure distance de sécurité alors que le "h3" ne vaut pas grand-chose} 64. Kb4 Rb1+ 65. Bb3 $1 $18) 62. Bf7 $1 {[%emt 0:01:31][%cal Gf7g6,Gc6c8] Menace mat en 2!} Rxh3+ {[%emt 0:00:03] Regagne le  mais après c4, la h3 est mal placée pour contrôler la poussée du "b"} 63. Kc4 g6 $8 64. Bxg6+ Kg7 65. Bf5 h5 $6 {[%emt 0:01:27] l'échange risque de mettre la  hors-jeu} 66. gxh5 Rxh5 67. b6 Rh1 68. b7 Rb1 69. Rc7+ Kf6 70. Kd5 $18 Rb4 71. Kc6 Rb6+ 72. Kd7 Rb4 73. Rc6+ Kf7 74. Be6+ 1-0

[Event "FRA-chT Top 12"]
[Site "Brest"]
[Date "2018.06.03"]
[Round "9"]
[White "Duda, Jan Krzysztof"]
[Black "Kuzubov, Yuriy"]
[Result "1-0"]
[ECO "A09"]
[WhiteElo "2724"]
[BlackElo "2663"]
[Annotator "ChessBase II"]
[PlyCount "95"]
[EventDate "2018.05.26"]
[EventType "team-tourn"]
[EventRounds "11"]
[EventCountry "FRA"]
[SourceTitle "EXT 2019"]
[Source "ChessBase"]
[SourceDate "2018.10.10"]
[SourceVersion "1"]
[SourceVersionDate "2018.10.10"]
[SourceQuality "1"]
[WhiteTeam "Bois Colombes"]
[BlackTeam "Grasse Echecs"]
[WhiteTeamCountry "FRA"]
[BlackTeamCountry "FRA"]
[TimeControl "40/5400+30:1800+30"]

1. Nf3 d5 2. c4 d4 3. b4 g6 4. g3 Bg7 5. d3 e5 6. Bg2 Ne7 7. O-O O-O 8. a4 a5 9. b5 c5 10. Ra2 ({RR} 10. Nbd2 Ra7 11. Ra3 b6 12. e3 h6 13. exd4 exd4 14. Re1 Nf5 15. Ra2 Nd6 16. Ne4 Nxe4 17. Rxe4 Bf5 18. Re1 Re8 19. Rxe8+ Qxe8 20. Re2 Re7 21. Rxe7 Qxe7 22. Nh4 Bc8 23. Bf4 Nd7 24. Bc7 Be5 {Fressinet,L (2717)-Le,Q (2712) Dubai 2014 ½-½ (43)}) ({RR} 10. bxc6 Nexc6 11. Ba3 Re8 12. Nbd2 Nd7 13. Ne4 Nf6 14. Nd6 Re6 15. Nxc8 Rxc8 16. Bh3 Re8 17. Bxc8 Qxc8 18. Rb1 Qh3 19. Rxb7 Ng4 20. Qb3 e4 21. dxe4 Nce5 22. Rd1 d3 23. Rxd3 Nxf3+ {0-1 (23) Mekhitarian,K (2564)-Platzgummer,F (2291) chess.com INT 2025}) 10... Nf5 (10... h6 11. e3 Be6 12. exd4 cxd4 13. Re2 Nd7 14. Ba3 Re8 15. Rfe1 g5 16. Nbd2 Ng6 17. Ne4 Bf8 18. Bxf8 Rxf8 19. Qc1 Bf5 20. Nfd2 Bg4 21. Nd6 Qc7 22. Qa3 Bxe2 23. Rxe2 Qc5 24. Qxc5 Nxc5 25. Nxb7 Nxd3 26. Nb3 f5 27. Bd5+ Kh8 28. N7xa5 Nc1 29. Nxc1 Rxa5 30. Ra2 Ne7 31. Nb3 Ra7 32. Bg2 Rb8 33. a5 d3 34. g4 Nc8 35. gxf5 Nd6 36. Bd5 Nxb5 37. cxb5 Rxb5 38. Bc4 Rb4 39. Nd2 e4 40. a6 {Maghsoodloo,P (2584)-Wen,Y (2617) Bandar e Anzali 2017 ½-½}) 11. e3 dxe3 12. fxe3 Be6 $146 ({RR} 12... Ra7 13. Nc3 b6 14. e4 Nd4 15. Nd5 Bg4 16. Qe1 Nb3 17. Be3 f6 18. Raf2 Raf7 19. h3 Be6 20. Qd1 Nd4 21. Nxd4 cxd4 22. Bc1 Nd7 23. Ba3 Re8 24. Qd2 Bf8 25. Bc1 Bd6 26. g4 Ref8 27. Qd1 {Colas,J (2285)-Henriquez Villagra,C (2518) Montevideo 2018 1-0 (42)}) ({RR} 12... Nd7 13. Nc3 Nb6 14. Raf2 h5 15. Kh1 Be6 16. e4 Nd4 17. Nxd4 Qxd4 18. Nd5 Bxd5 19. exd5 f5 20. Bb2 Qg4 21. Bf3 Qg5 22. d6 Rad8 23. Ba3 Qe3 24. Bxb7 e4 25. Re2 Qxd3 26. Bxc5 Nxc4 27. Qxd3 {Nesterov,A (2562)-Khubukshanov,E (2388) Moscow RUS 2023 1-0 (37)}) 13. Nc3 Nd6 $146 (13... h6 14. Re2 Nd7 15. Nd2 Ra7 16. Nb3 b6 17. Nd5 Kh7 18. Ref2 f6 19. Qe2 Nb8 20. Bb2 Rd7 21. Nc1 Rdf7 22. Na2 Nd6 23. Nac3 Nd7 24. e4 Re8 25. Ne3 Nf8 26. Kh1 Bc8 27. Ncd5 h5 28. Bc3 Kg8 29. Qd1 Nh7 30. Qd2 Bh6 31. Qe2 Ref8 32. h4 Ne8 33. Kh2 Ng7 34. Bb2 Qd6 35. Nd1 Ne6 36. Bh3 Bb7 37. N1e3 Kg7 38. Bc3 Kg8 39. Qe1 Nd4 40. Bd2 Bg7 41. Bc3 Re8 42. Ra2 Rff8 43. Raf2 {Brzezinski,A (2165)-Todorovic,G (2476) Skopje 2014 ½-½ (96)}) 14. e4 h6 15. Be3 Nd7 16. Qd2 Kh7 17. Nh4 Qc8 18. Qc1 Nf6 19. b6 $1 $14 Ng4 20. Bd2 f5 21. exf5 gxf5 (21... Nxf5 22. Nxf5 Bxf5 (22... gxf5) 23. Ne4 Qd7 $132 ) 22. Nd5 e4 23. Bf4 Ne5 24. dxe4 Nxe4 25. Bxe4 fxe4 26. Qe1 Nf3+ 27. Nxf3 exf3 28. Qe4+ Bf5 29. Qxf3 Bd4+ 30. Be3 Bd3 31. Qxf8 Qxf8 32. Rxf8 Rxf8 33. Bxd4 Bxc4 34. Rc2 Bxd5 35. Rxc5 Be6 36. Be5 Rf5 37. Rxa5 Bd7 38. Rc5 Bxa4 39. Rc7+ Kg8 40. Bf4 Rf7 41. Bxh6 Bc6 42. Bf4 Rd7 43. Kf2 Kf7 44. Ke3 Ke6 45. h4 Re7 46. h5 Kf7+ 47. Be5 Rxc7 48. bxc7 1-0

[Event "FRA-chT Top 12"]
[Site "Brest"]
[Date "2019.05.22"]
[Round "5.1"]
[White "Amin, Bassem"]
[Black "Nihal, Sarin"]
[Result "1-0"]
[ECO "A05"]
[WhiteElo "2704"]
[BlackElo "2598"]
[Annotator "ChessBase II"]
[PlyCount "59"]
[EventDate "2019.05.18"]
[EventType "team-tourn"]
[EventRounds "11"]
[EventCountry "FRA"]
[SourceTitle "CBM 190 Extra"]
[Source "ChessBase"]
[SourceDate "2019.07.15"]
[SourceVersion "1"]
[SourceVersionDate "2019.07.15"]
[SourceQuality "1"]
[WhiteTeam "Clichy 92"]
[BlackTeam "Mulhouse"]
[WhiteTeamCountry "FRA"]
[BlackTeamCountry "FRA"]
[TimeControl "40/5400+30:1800+30"]

1. Nf3 Nf6 2. g3 {[%emt 0:00:08] L'égyptien est un bon spécialiste de l'attaque indienne} b5 $5 {[%emt 0:00:09][%csl Gc4] Une ligne secondaire qui donne des bons résultats pour les Noirs} (2... d5 3. Bg2 Bg4 {La grande ligne}) 3. Bg2 Bb7 4. O-O e6 5. d3 c5 6. e4 {[%emt 0:01:49] La partie a transposé d'une Réti vers une française fermée et les Noirs espèrent gagner un tempo en jouant b5 au lieu de b6} d6 7. a4 b4 8. a5 (8. Nbd2 Nc6 9. Nc4 Qc7 10. Re1 Be7 11. a5 Rd8 12. a6 Ba8 13. Bf4 O-O 14. e5 dxe5 15. Nfxe5 Qc8 16. Nxc6 Bxc6 17. Bxc6 Qxc6 18. b3 Nd7 19. Qe2 Bf6 20. Ra5 Bc3 21. Qe4 Qd5 22. Bd2 Bxd2 23. Qxd5 exd5 24. Nxd2 Rfe8 25. Rxe8+ Rxe8 26. d4 Re2 27. dxc5 Rxd2 28. c6 Nb6 29. Rc5 Kf8 30. Kf1 Ke7 31. Ke1 Rd4 32. c7 Nc8 33. f3 g5 34. Ke2 Kd6 35. Ra5 g4 36. Ke3 Rd1 37. fxg4 Kc6 {Naiditsch,A (2705)-Fedorchuk,S (2648) Riadh 2017 0-1}) 8... Be7 9. Nbd2 O-O 10. Nc4 ({RR} 10. Re1 Nbd7 11. Nc4 a6 12. c3 d5 13. exd5 Nxd5 14. Bd2 Qc7 15. Rc1 bxc3 16. bxc3 Rad8 17. h4 h6 18. Rb1 Ba8 19. Nh2 N7f6 20. Qe2 Rfe8 21. Nf3 Nd7 22. d4 Bf8 23. Nfe5 cxd4 24. cxd4 Nxe5 {Hillarp Persson,T (2457)-Pichot,A (2628) Budapest HUN 2024 0-1 (43)}) 10... Nbd7 11. Bf4 $146 (11. Re1 Rc8 12. Bg5 h6 13. Bxf6 Nxf6 14. e5 Bxf3 15. Qxf3 dxe5 16. Rxe5 Nd5 17. Rae1 Bf6 18. R5e4 Ne7 {½-½ (18) Ubilava,E (2525)-Sion Castro,M (2375) Elgoibar 1995}) 11... d5 $146 ({RR} 11... e5 12. Bg5 h6 13. Bxf6 Nxf6 14. Nh4 Bc8 15. Ne3 h5 16. Nhf5 g6 17. Nxe7+ Qxe7 18. f4 Kg7 19. Qd2 Be6 20. f5 Bd7 21. Rf2 Bc6 22. Raf1 Qc7 23. Nd5 Bxd5 24. exd5 Qxa5 25. Qg5 Qd8 26. Bh3 {Praggnanandhaa,R (2608)-Donchenko,A (2668) Chess.com INT 2020 1-0 (39)}) ({RR} 11... e5 12. Bg5 h6 13. Bxf6 Nxf6 14. Nh4 Bc8 15. Ne3 h5 16. Nhf5 g6 17. Nxe7+ Qxe7 18. f4 Kg7 19. Qd2 Be6 20. f5 Bd7 21. Rf2 Bc6 22. Raf1 Qc7 23. Nd5 Bxd5 24. exd5 Qxa5 25. Qg5 Qd8 26. Bh3 {Praggnanandhaa,R (2608)-Donchenko,A (2668) Chess.com INT 2020 1-0 (39)}) 12. a6 $1 Bc6 13. Na5 Bb5 14. e5 (14. Nb7 Qb6) 14... Ne8 15. c4 bxc3 16. bxc3 Rc8 (16... Bxa6 $2 17. Nc6) 17. c4 Bxa6 18. cxd5 exd5 19. Bh3 $44 (19. Nb3 Qb6 $13) 19... Nb6 20. Bxc8 Qxc8 21. Nc6 Qxc6 22. Rxa6 Nc7 23. Rxa7 $16 Re8 24. Qb3 Nc8 25. Ra5 d4 26. e6 (26. Nd2 $5 ) 26... Qxe6 27. Qb7 Nd5 28. Re1 Qb6 29. Qxb6 Ncxb6 30. Bd6 1-0

[Event "Paleochora op 14th"]
[Site "Paleochora"]
[Date "2021.07.30"]
[Round "9.2"]
[White "Theodorou, Nikolas"]
[Black "David, Alberto"]
[Result "1-0"]
[ECO "A05"]
[WhiteElo "2584"]
[BlackElo "2521"]
[Annotator "Kapnisis,Spyridon"]
[PlyCount "103"]
[EventDate "2021.07.23"]
[EventType "swiss"]
[EventRounds "9"]
[EventCountry "GRE"]
[SourceTitle "CBM 204 Extra"]
[Source "ChessBase"]
[SourceDate "2022.09.12"]
[SourceVersion "1"]
[SourceVersionDate "2022.09.12"]
[SourceQuality "1"]
[TimeControl "40/5400+30:900+30"]

1. Nf3 Nf6 2. g3 b5 3. Bg2 Bb7 4. O-O e6 5. d3 d5 {[#]} (5... c5 {In my opinion, this is a more solid choice for black.} 6. e4 d6 (6... d5 $6 7. exd5 $1 {Allowing the opening of the center at this early stage is clearly in white's favour.} exd5 $6 (7... Qxd5 8. Nc3 (8. Bf4 $5) 8... Qc6 9. Bf4 Be7 10. a4 $16) (7... Nxd5 8. c4 $1 $16) 8. Nh4 (8. d4 $5) 8... Qd7 9. Qf3 Nc6 10. Re1+ Be7 11. Nf5 $18 {1-0 (23) Naiditsch,A (2649)-Sochacki,C (2494) Chalons en Champagne FRA 2021}) 7. e5 (7. a4 b4 8. a5 Be7 9. Nbd2 O-O 10. Nc4 $13 {1-0 (30) Amin,B (2704)-Nihal,S (2598) Brest FRA 2019}) 7... dxe5 8. a4 b4 9. Nxe5 Bxg2 10. Kxg2 $13 {1/2 (42) Maghsoodloo,P (2674)-Aleksandrov,A (2592) Moscow RUS 2020}) 6. c4 $1 {This is the most critical move and the real test of black's setup.} (6. Nbd2 {[%cal Ye2e4] followed by e4 is typical but white is not really counting on an opening advantage.}) 6... a6 (6... bxc4 7. dxc4 c6 (7... Nbd7 8. cxd5 exd5 9. Nc3 Bb4 10. Nh4 $1 Bxc3 11. bxc3 O-O 12. Nf5 $14 {0-1 (45) Rechlis,G (2519)-Gruenfeld,Y (2424) Israel ISR 2020} (12. c4 $5 $16)) 8. Nc3 {0-1 (33) Wallace,J (2415)-Moroni,L (2547) Caleta ENG 2018 followed by Qb3(c2),Rd1 and e4. White is clearly the one with the better chances.}) (6... dxc4 $2 {is clearly not the solution for black.} 7. dxc4 Qxd1 8. Rxd1 b4 (8... bxc4 9. Ne5 Bxg2 10. Kxg2 Nbd7 11. Nxc4 $16 {1/2 (45) Gordievsky,D (2653)-Liu,Y (2474) China CHN 2018}) 9. Bf4 Na6 10. Nbd2 Bd6 11. Nb3 Bxf4 12. gxf4 $18 {[%csl Ra6][%cal Yf3e5] 1-0 (49) Svane,R (2613)-Munkhgal,G (2501) chess.com INT 2020}) (6... c6 7. cxb5 (7. Qb3 $5) 7... cxb5 8. a4 b4 9. a5 Na6 $6 (9... Bd6 10. a6 $14) 10. Nbd2 Bd6 11. e4 $16 {1-0 (27) Rakhmanov,A (2638)-Mihalcisin,A (2467) Budva MNE 2019}) 7. cxd5 $1 Bxd5 (7... exd5 {White has a number of pleasant options.} 8. Nh4 (8. e4 $5 dxe4 9. dxe4 Qxd1 10. Rxd1 Bc5 (10... Nxe4 11. Ng5 {is difficult to play with black})) (8. a4 $5) 8... g6 9. e4 dxe4 10. Nc3 Bg7 11. dxe4 $16 ) (7... Nxd5 8. a4 (8. Bg5 $5 Be7 9. Bxe7 Qxe7 10. a4 $14) 8... Nb6 9. Nc3 b4 10. Ne4 Be7 11. Qc2 O-O 12. d4 $16 {1-0 (35) Vachier Lagrave,M (2811)-Krassowizkij,J (2438) Hockenheim GER 2016}) ({RR} 7... Nxd5 8. a4 Be7 9. axb5 axb5 10. Rxa8 Bxa8 11. Qb3 c6 12. Nc3 O-O 13. Bd2 b4 14. Ne4 c5 15. Rc1 Nd7 16. Be1 Bb7 17. Qd1 h6 18. Ned2 N5b6 19. Ne5 Bxg2 20. Nxd7 Qxd7 21. Kxg2 Qd5+ 22. Kg1 {Artemiev,V (2699)-Mamedyarov,S (2762) chess24.com INT 2021 ½-½ (89)}) 8. a4 b4 {[#] Black feels forced to play b4 which is a positional win for white. Black permanently weakens the important c4 square.} (8... Nbd7 $6 9. Nc3 Bc6 10. Qc2 $16 ) (8... Bb7 9. axb5 axb5 10. Rxa8 Bxa8 11. Qb3 Qd5 12. Qxd5 Nxd5 13. Nd4 b4 14. e4 Nb6 15. Be3 $16 {[%cal Yf1c1,Yb1d2] Black's queenside will be under considerable pressure}) 9. b3 $146 (9. e4 $5 Bb7 10. Be3 $16 {[%cal Yb1d2,Yd2b3,Ya1c1,Yd2c4] is another decent way of developing. Keeping the b3 square open for the white knight is certainly good for white.}) ({RR} 9. Nbd2 Be7 10. e4 Bb7 11. Nb3 c5 12. Be3 Nbd7 13. Nfd2 Rc8 14. Nc4 Nb6 15. Nba5 Nxc4 16. Nxc4 a5 17. Rc1 Ba6 18. Qe2 Nd7 19. Rfd1 O-O 20. f4 Qc7 21. b3 Rfd8 22. Qf2 Nb6 23. Bf3 Nxc4 {Lopez Martinez,J (2453)-Ayats Llobera,G (2457) Linares ESP 2024 ½-½ (31)}) 9... Be7 10. Bb2 O-O 11. Nbd2 c5 12. Rc1 Nbd7 {[#]} (12... Bb7 {Normally black should like to place his knight on c6 in order to control the important d4 square but he is not in time to stop white from playing d4.} 13. Nc4 Nc6 14. d4 $16 {White is better placed for the opening of the center and has a big advantage.}) 13. e4 $1 Bb7 14. Qe2 $16 {White will continue with Rfd1,Nc4 and d4 opening the center and using his better placed pieces.} a5 {Black decides to place his pawn on a5 in order to put his bishop to a6. Improving the bishop will come at a heavy price since the pawn on a5 will be a permanent target for the white knight who will come to c4. On the other hand it is difficult to suggest a good defending plan for black.} (14... Qc7 15. Nc4 Rfd8 16. Rfd1 Rac8 17. Nfd2 Bf8 (17... e5 18. Rf1 $40 ) 18. f4 $16) 15. Nc4 Ba6 (15... Nb6 16. Nfe5 $16) 16. Rfd1 Rc8 {[#]} 17. d4 {With the white pieces a lot better placed it is no wonder that white tries to open the center.} (17. h4 $5) (17. e5 $5 {Instead of opening the center with d4 white could have tried another interesting plan by playing e5,Nfd2-e4 and placing one of his knight to d6.} Nd5 18. Nfd2 $16 (18. h4 )) 17... Re8 {[#]} (17... cxd4 $2 {Opening the center will only help white.} 18. Nxd4 $18 ) 18. d5 $1 (18. Bf1 $16) (18. dxc5 Rxc5 19. Nfe5 {is better for white but 18.d5 feels like the right way to proceed.}) 18... exd5 19. exd5 Bd6 (19... Nb6 20. Nfe5 Bd6 21. Qc2 $16) 20. Qc2 Bxc4 (20... Qc7 21. Bf1 $16 Re7) 21. Qxc4 Nb6 22. Qb5 {[#]} c4 $5 {Black tries to complicate matters by trapping white's queen but white reacts calmly stopping black's threat of Rc5.} 23. Bd4 $1 (23. bxc4 $2 Rc5 24. Qa6 Qc7 25. Bd4) 23... Nbxd5 {[#]} (23... Nfxd5 24. bxc4 $18) (23... Nbd7 24. Rxc4 $18) 24. bxc4 $6 (24. Bh3 $1 {is an excellent intermediate move before taking on bxc4. Black's position is busted.} Rb8 (24... Rc7 25. bxc4 Nc3 26. Bxc3 bxc3 27. Qa6 $1 Ne4 28. Bf5 $18) 25. Qxc4 $18) 24... Nc3 25. Bxc3 bxc3 26. Rxc3 Qc7 {[#]} 27. Nd4 (27. c5 $5 {leads to more forcing play and White probably wanted to avoid this for the moment.} Rb8 (27... Bxc5 28. Rdc1 Bxf2+ (28... Ne4 29. Rxc5 Nxc5 30. Bh3 $18 {The pin on the c file is an unsolvable problem for black.}) 29. Kf1 $1 Qxc3 $1 30. Rxc3 Rxc3 31. Kxf2 Rc5 $1 {White will still need to put some effort to prove that his material advantage is enough to win the game.}) 28. Qc4 Rb4 29. Rxd6 $1 Rxc4 30. Rxc4 $16 {White's R+B+P are stronger than black's queen who has a rather passive role.}) 27... Bb4 (27... Re5 28. Qb7 Bf8 29. Qxc7 Rxc7 30. Bc6 $16 ) 28. Rcc1 Ba3 29. Ra1 (29. Rc2) 29... Re5 (29... Bf8 30. Nb3 $16) 30. Qb7 {[#]} (30. Bd5 $5 Rb8 31. Qc6 Qe7 32. Qa6 $18) 30... Bc5 $2 {This blunders the pawn on a5 and seals the fate of the game.} (30... Bf8 31. Qxc7 Rxc7 32. Bc6 $1 $16 {[%cal Yc6b5] Black's position is bad but at least he may be able to put up some resistance.}) 31. Qxc7 Rxc7 32. Nc6 Re8 33. Nxa5 Ng4 (33... Re2 $2 34. Rd8+) 34. Ra2 $18 h5 35. Bf3 Ne5 36. Bxh5 Bb6 37. Rd5 Ra7 38. Nb3 Nxc4 39. Be2 Na5 40. Nxa5 Bxa5 41. Bb5 Re1+ 42. Kg2 g6 43. h4 $1 Kg7 44. h5 {White opens up the position on the kingside in order to help the attack against the black king.} gxh5 45. Rxh5 Rc7 46. Bd3 Bb6 47. Rh7+ Kg8 48. Rb2 Re6 49. a5 Ba7 50. Rb4 $1 {The second rook joins the attack with decisive effect.} Rc3 51. Rg4+ Kf8 52. Rf4 1-0